 Dungeon Crawl Stone Soup version 0.15-a0-2036-g5428f20 (webtiles) character file.

89 JogiH the Magician (level 4, -1/25 HPs)
             Began as a Gargoyle Wizard on July 13, 2014.
             Slain by a green rat (3 damage)
             ... on Level 3 of the Dungeon.
             The game lasted 00:09:45 (2295 turns).

JogiH the Magician (Gargoyle Wizard)                Turns: 2295, Time: 00:09:45

HP  -1/25        AC  6     Str 11      XL: 4   Next: 55%
MP  10/10        EV 15     Int 19      God:
Gold 79          SH  0     Dex  8      Spells:  3 memorised,  5 levels left

rFire  . . .     SeeInvis .     x - +0 flail (pain)
rCold  . . .     Clarity  .     a - +0 robe
rNeg   + + .     rCorr    .     (no shield)
rPois  +         rRot     +     t - +1 hat
rElec  +         Spirit   .     (no cloak)
SustAb .         Warding  +     (no gloves)
rMut   .         Stasis   .     (no boots)
Gourm  .                        l - amulet of warding
MR     +....                    v - ring of protection from magic
                                f - +3 ring of evasion

@: somewhat resistant to hostile enchantments, unstealthy
A: negative energy resistance 1, electricity resistance, unbreathing,
petrification resistance, rot immunity, AC +3
a: no special abilities


You were on level 3 of the Dungeon.
You were not hungry.

You visited 1 branch of the dungeon, and saw 3 of its levels.

You collected 79 gold pieces.

Inventory:

Hand weapons
 j - a +0 mace
 x - a +0 flail of pain (weapon)
Armour
 a - a +0 robe (worn)
 b - a +0 hat
 t - a +1 hat (worn)
Comestibles
 d - 3 bread rations
 k - 8 fruits
 n - 3 meat rations
 r - a rotting chunk of orc flesh
 s - a rotting chunk of goblin flesh
 w - 3 chunks of human flesh
Scrolls
 e - a scroll of enchant weapon {unknown}
 g - a scroll of enchant armour {unknown}
 i - a scroll of blinking {unknown}
 m - 2 scrolls of identify {unknown}
 o - a scroll of recharging {unknown}
 u - a scroll of amnesia {unknown}
Jewellery
 f - a +3 ring of evasion (left hand)
 l - an amulet of warding (around neck)
 p - an uncursed amulet of inaccuracy
 v - a ring of protection from magic (right hand)
Potions
 h - a potion of curing {unknown}
 q - a potion of restore abilities {unknown}
Books
 c - a book of Minor Magic

   Spells                             Type                      Level
   *Magic Dart                        Conjuration                  1
   *Blink                             Translocation                2
   *Call Imp                          Summoning                    2
   Repel Missiles                     Charms/Air                   2
   Slow                               Hexes                        2
   Conjure Flame                      Conjuration/Fire             3
   Mephitic Cloud                     Conjuration/Poison/Air       3


   Skills:
 - Level 1.0 Fighting
 * Level 0.8 Maces & Flails
 + Level 1.9 Dodging
 - Level 2.1 Stealth
 + Level 3.8 Spellcasting
 * Level 2.1 Conjurations
 - Level 1.0 Summonings
 * Level 1.5 Translocations


You had 5 spell levels left.
You knew the following spells:

 Your Spells              Type           Power        Failure   Level  Hunger
a - Magic Dart            Conj           ##..         8%          1    None
b - Blink                 Tloc           N/A          14%         2    ##.....
c - Call Imp              Summ           #.......     17%         2    ##.....


Dungeon Overview and Level Annotations

Branches:
Dungeon (3/15)

Altars:
Yredelemnul

Annotations:
D:3 Ijyb


Innate Abilities, Weirdness & Mutations

You are resistant to torment.
You are immune to poison.
Your stone body is very resilient (AC +3).
You resist negative energy.
You are resistant to electric shocks.
You can survive without breathing.
You are immune to petrification.
You are immune to rotting.


Message History

You barely miss the green rat. The green rat closely misses you.
The green rat closely misses you.
You closely miss the green rat.
The green rat bites you but does no damage.
You barely miss the green rat. The green rat closely misses you.
The green rat completely misses you.
You hit the green rat.
The green rat is lightly wounded.
The green rat bites you!
You hit the green rat.
The green rat is severely wounded.
The green rat bites you.
You hit the green rat but do no damage.
The green rat is severely wounded.
The green rat bites you. The green rat bites you!
* * * LOW HITPOINT WARNING * * *
You barely miss the green rat.
The green rat is severely wounded.
The green rat bites you.
You die...

#.####..#
####.##....#
#..........##
#.######....#
#.#≈≈≈≈#....#
#≈≈≈≈#....#
#≈≈.≈#....#
#≈≈≈≈#....#
#≈≈≈s#@#.##
#..####%#r#.#
#........r#.#
#.#.#.#####.#
#.# #.# #.#
..# ...


You could see 2 green rats.

Vanquished Creatures
  An adder (D:3)
  2 worms (D:2)
  3 giant geckos
  An ooze (D:1)
  An orc (D:3)
  4 bats
  4 hobgoblins
  3 jackals (D:3)
  4 ball pythons
  3 giant newts
  6 goblins
  5 kobolds
  4 rats
41 creatures vanquished.

Vanquished Creatures (collateral kills)
  Terence (D:3)
  2 adders
  4 orcs (D:3)
  A hobgoblin (D:3)
  A rat (D:3)
9 creatures vanquished.

Vanquished Creatures (others)
  A crimson imp (D:3)
  2 shadow imps
3 creatures vanquished.

Grand Total: 53 creatures vanquished

Notes
Turn   | Place    | Note
--------------------------------------------------------------
     0 | D:1      | JogiH, the Gargoyle Wizard, began the quest for the Orb.
     0 | D:1      | Reached XP level 1. HP: 10/10 MP: 4/4
   261 | D:1      | Reached XP level 2. HP: 15/15 MP: 1/6
   265 | D:1      | Learned a level 2 spell: Blink
   268 | D:1      | Learned a level 2 spell: Call Imp
   908 | D:2      | Reached skill level 1 in Summonings
   908 | D:2      | Reached XP level 3. HP: 15/20 MP: 0/8
  1185 | D:3      | Noticed Terence
  1239 | D:3      | Noticed Ijyb
  1493 | D:2      | Found a basalt altar of Yredelemnul.
  1715 | D:2      | Reached skill level 1 in Fighting
  1824 | D:3      | Reached skill level 1 in Translocations
  1975 | D:3      | Reached XP level 4. HP: 25/25 MP: 10/10
  2163 | D:3      | Killed Terence
  2295 | D:3      | Slain by a green rat

Action                   |  1- 3 |  4- 6 || total
-------------------------+-------+-------++-------
Melee: Mace              |    83 |    15 ||    98
       Flail             |       |    35 ||    35
 Cast: Magic Dart        |    48 |     8 ||    56
       Call Imp          |    11 |     6 ||    17
  Use: Scroll            |     4 |       ||     4
  Eat: Chunk             |     4 |     1 ||     5
